 Dungeon Crawl Stone Soup version 0.23.2-33-g5129a83184 (webtiles) character file.

Game seed: 16381872309820432750

451 Derp the Bolt Thrower (level 6, -1/51 HPs)
             Began as a Centaur Hunter on July 20, 2019.
             Was an Initiate of Cheibriados.
             Slain by Prince Ribbit (17 damage)
             ... on level 5 of the Dungeon.
             The game lasted 00:11:15 (3348 turns).

Derp the Bolt Thrower (Centaur Hunter)              Turns: 3348, Time: 00:11:16

Health: -1/51      AC:  4    Str: 16    XL:     6   Next: 75%
Magic:  6/6        EV: 10    Int: 11    God:    Cheibriados [......]
Gold:   194        SH:  0    Dex: 12    Spells: 5/5 levels left

rFire    . . .     SeeInvis .   a - +1 hand crossbow
rCold    . . .     Gourm    .   (no shield)
rNeg     . . .     Faith    .   c - +0 leather armour
rPois    .         Spirit   .   (no helmet)
rElec    .         Reflect  .   (no cloak)
rCorr    .         Harm     .   (no gloves)
MR       .....                  (no barding)
Stlth    +.........             (no amulet)
HPRegen  0.17/turn              h - ring of flight
MPRegen  0.10/turn              (no ring)

@: no status effects
A: large, hooves 3, deformed body, speed 2, tough skin 3
a: Bend Time, Renounce Religion, Evoke Flight


You were on level 5 of the Dungeon.
You worshipped Cheibriados.
Cheibriados was noncommittal.
You were not hungry.

You visited 1 branch of the dungeon, and saw 5 of its levels.

You collected 194 gold pieces.

Inventory:

Hand Weapons
 a - a +1 hand crossbow (weapon)
 b - a +0 short sword
 n - a +0 great sword
 y - a +2 dagger of venom
Missiles
 m - 7 bolts (quivered)
Armour
 c - a +0 leather armour (worn)
 B - a +0 pair of boots
Jewellery
 h - a ring of flight (left hand)
 k - a +4 ring of dexterity {unknown}
 q - an uncursed ring of fire {unknown}
Wands
 d - a wand of random effects (32)
 r - a wand of flame (35)
Scrolls
 g - a scroll of magic mapping {unknown}
 i - a scroll of teleportation {unknown}
 j - a scroll of fog {unknown}
 s - 2 scrolls of amnesia {unknown}
 u - 2 scrolls of enchant weapon {unknown}
 w - 3 scrolls of identify {unknown}
 x - a scroll of fear {unknown}
 C - a scroll of remove curse {unknown}
Potions
 e - 2 potions of curing {unknown}
 f - a potion of agility {unknown}
 l - a potion of heal wounds {unknown}
 o - 2 potions of flight {unknown}
 t - a potion of resistance
 v - 2 potions of brilliance {unknown}
 z - a potion of might {unknown}
 A - 2 potions of haste {unknown}
Comestibles
 p - 2 rations
 D - 5 chunks of flesh


   Skills:
 + Level 3.2 Fighting
 + Level 0.1 Long Blades
 + Level 7.2 Crossbows
 + Level 1.7 Armour
 + Level 2.2 Dodging
 + Level 1.1 Stealth


You had 5 spell levels left.
You didn't know any spells.
Your spell library was empty.

Dungeon Overview and Level Annotations

Branches:
Dungeon (5/15)
 Temple: D:4-7

Altars:
Ashenzari
Cheibriados
Fedhas
Okawaru
Trog

Annotations:
D:5 Prince Ribbit


Innate Abilities, Weirdness & Mutations

You have hooves in place of feet.
Armour fits poorly on your strangely shaped body.
You cover ground very quickly.
You have extremely tough skin. (AC +3)


Message History

Aim: Prince Ribbit (lightly wounded)
You shoot a bolt. The bolt hits Prince Ribbit!
Prince Ribbit is heavily wounded.
Firing (i - inventory)
m - 10 bolts (quivered)
Press: ? - help, Shift-Dir - straight line, f/p - Prince Ribbit
Aim: Prince Ribbit (heavily wounded)
You shoot a bolt. The bolt closely misses Prince Ribbit.
Firing (i - inventory)
m - 9 bolts (quivered)
Press: ? - help, Shift-Dir - straight line, f/p - Prince Ribbit
Aim: Prince Ribbit (heavily wounded)
You shoot a bolt. The bolt closely misses Prince Ribbit.
Prince Ribbit hits you!
Firing (i - inventory)
m - 8 bolts (quivered)
Press: ? - help, Shift-Dir - straight line, f/p - Prince Ribbit
Aim: Prince Ribbit (heavily wounded)
You shoot a bolt. The bolt hits Prince Ribbit!
Prince Ribbit is almost dead.
Prince Ribbit mumbles some strange words.
Prince Ribbit looks slightly unstable.
Prince Ribbit hits you!
You die...

.#.
.(..######
#(.(....###
#(....F@..#
#.......#.#
#.###+###.#
##.....#
#...#..#
#...#..#
+...#..#
###...#..#
......#..#


You could see Prince Ribbit.

Vanquished Creatures
  2 ogres (D:4)
  A centaur (D:4)
  Terence (D:2)
  A worker ant (D:4)
  A hound skeleton (D:4)
  5 adders
  An ooze (D:4)
  An adder skeleton (D:4)
  2 worms
  A dart slug (D:1)
  4 leopard geckos
  7 orcs
  A ball python (D:2)
  8 bats
  2 giant cockroaches
  6 goblins
  5 hobgoblins
  5 jackals
  6 kobolds
  3 quokkas
  4 frilled lizards
  A jackal skeleton (D:4)
  10 rats
78 creatures vanquished.

Notes
Turn   | Place    | Note
-------+----------+-------------------------------------------
     0 | D:1      | Derp the Centaur Hunter began the quest for the Orb.
     0 | D:1      | Reached XP level 1. HP: 17/17 MP: 1/1
   123 | D:1      | Reached XP level 2. HP: 24/24 MP: 2/2
   177 | D:1      | Reached skill level 5 in Crossbows
   571 | D:2      | Reached XP level 3. HP: 29/29 MP: 3/3
   866 | D:2      | Noticed Terence
   876 | D:2      | Killed Terence
   876 | D:2      | Reached XP level 4. HP: 28/37 MP: 4/4
   953 | D:2      | Found a snail-covered altar of Cheibriados.
   960 | D:2      | Became a worshipper of Cheibriados the Contemplative
  2010 | D:3      | Found a shattered altar of Ashenzari.
  2131 | D:4      | Reached skill level 6 in Crossbows
  2178 | D:4      | Reached XP level 5. HP: 31/42 MP: 5/5
  2520 | D:4      | Found a bloodstained altar of Trog.
  2615 | D:4      | Noticed an ogre
  2615 | D:4      | Noticed an ogre
  2620 | D:4      | Killed an ogre
  2620 | D:4      | Reached skill level 1 in Armour
  2620 | D:4      | Reached XP level 6. HP: 25/50 MP: 6/6
  2632 | D:4      | Reached skill level 1 in Stealth
  3010 | D:4      | Found a blossoming altar of Fedhas.
  3121 | D:4      | Found an iron altar of Okawaru.
  3265 | D:4      | Reached skill level 7 in Crossbows
  3322 | D:5      | Entered Level 5 of the Dungeon
  3340 | D:5      | Noticed Prince Ribbit
  3348 | D:5      | Slain by Prince Ribbit

Skill      XL: |  1  2  3  4  5  6 |
---------------+-------------------+-----
Crossbows      | 5 6 7 |  7.2
Dodging        | 2 |  2.2
Armour         | 1 |  1.7
Stealth        | 1 |  1.1
Fighting       | 3 |  3.2
Long Blades    | |  0.1

Action                   |  1- 3 |  4- 6 || total
-------------------------+-------+-------++-------
Melee: Great sword       |       |     5 ||     5
       Dagger            |       |     8 ||     8
       Kick              |       |     5 ||     5
 Fire: Hand crossbow     |    99 |   111 ||   210
  Eat: Ration            |       |     1 ||     1
       Chunk             |       |     3 ||     3
Armor: Leather armour    |    14 |    16 ||    30
Dodge: Dodged            |    16 |    46 ||    62
       Rpst.: Great sword |       |     1 ||     1
